 Dungeon Crawl Stone Soup version 0.23.2-30-g0e89c35649 (webtiles) character file.

Game seed: 4031208587892449717

506449 Plasmo the Warrior (level 23, 228/228 (229) HPs)
             Began as a Minotaur Fighter on Feb 10, 2019.
             Was the Champion of Trog.
             Got out of the dungeon
             ... with 3 runes on June 15, 2019!
             The game lasted 05:23:46 (52531 turns).

Plasmo the Warrior (Minotaur Fighter)              Turns: 52531, Time: 05:23:47

HP:   228/228 (229) AC: 36    Str: 26    XL:     23   Next: 85%
MP:   10/10         EV: 15    Int:  7    God:    Trog [******]
Gold: 2434          SH: 18    Dex: 15    Spells: 22/22 levels left

rFire    + + .     SeeInvis .   j - +3 eveningstar (antimagic)
rCold    + + .     Gourm    .   T - +2 shield of Resistance {rF+ rC+ MR+}
rNeg     + . .     Faith    .   N - +0 gold dragon scales
rPois    +         Spirit   .   (helmet restricted)
rElec    .         Reflect  .   P - +1 cloak "Fenuluh" {Regen+ rCorr}
rCorr    +         Harm     .   y - +1 pair of gloves
MR       ++...                  h - +0 pair of boots of Imperfection {rPois Regen+ Slay+5}
Stlth    ..........             O - amulet of Vitality {Regen+ HP+15}
HPRegen  1.68/turn              R - +6 ring of protection
MPRegen  0.12/turn              u - ring "Qyazoz" {rN+ Dex+2}

@: no status effects
A: retaliatory headbutt, horns 2
}: 3/15 runes: decaying, serpentine, abyssal
a: Berserk, Trog's Hand, Brothers in Arms, Renounce Religion


You escaped.
You worshipped Trog.
Trog was exalted by your worship.
You were not hungry.

You visited 12 branches of the dungeon, and saw 47 of its levels.
You visited the Abyss 2 times.
You also visited: Gauntlet.

You collected 5102 gold pieces.
You spent 2668 gold pieces at shops.

Inventory:

Hand Weapons
 j - a +3 antimagic eveningstar (weapon)
 t - a +6 morningstar of holy wrath
 D - a +2 flail of holy wrath
 I - a +2 executioner's axe of freezing
 M - the +1 broad axe "Atruzade" {freeze, +Blink Dex+4}
   (You found it on level 9 of the Dungeon)

   It has been specially enchanted to freeze those struck by it, causing extra
   injury to most foes and up to half again as much damage against particularly
   susceptible opponents.
   It can also slow down cold-blooded creatures.
   It affects your dexterity (+4).
   It lets you blink.
Missiles
 X - 12 javelins of penetration (quivered)
Armour
 h - the +0 pair of boots of Imperfection (worn) {rPois Regen+ Slay+5}
   (You found it on level 1 of the Vaults)

   It affects your accuracy and damage with ranged weapons and melee attacks
   (+5).
   It protects you from poison.
   It increases your rate of regeneration.
 i - the +7 Kryia's mail coat {PotionHeal*2 rC+}
   (You acquired it on level 4 of the Vaults)

   It protects you from cold.
 y - a +1 pair of gloves (worn)
 B - quicksilver dragon scales
 N - +0 gold dragon scales (worn)
 P - the +1 cloak "Fenuluh" (worn) {Regen+ rCorr}
   (You found it on level 3 of the Elven Halls)

   It increases your rate of regeneration.
   It provides partial protection from all sources of acid and corrosion.
 T - the +2 shield of Resistance (worn) {rF+ rC+ MR+}
   (You bought it in a shop on level 3 of the Vaults)

   It protects you from fire.
   It protects you from cold.
   It affects your resistance to hostile enchantments.
Jewellery
 a - the ring "Luutaut" {+Blink rF+ Stlth-}
   (You found it on level 4 of the Vaults)

   [ring of attention]

   It protects you from fire.
   It lets you blink.
   It makes you less stealthy.
 b - an uncursed ring of resist corrosion
 o - an uncursed ring of teleportation
 u - the ring "Qyazoz" (right hand) {rN+ Dex+2}
   (You found it on level 1 of the Vaults)

   [ring of positive energy]

   It affects your dexterity (+2).
   It protects you from negative energy.
 z - the ring of Jyikag {rN+ Str+5 Int-4 Dex+3}
   (You found it in a Gauntlet)

   [ring of positive energy]

   It affects your strength (+5).
   It affects your intelligence (-4).
   It affects your dexterity (+3).
   It protects you from negative energy.
 F - an uncursed ring of protection from fire
 G - an uncursed ring of see invisible
 O - the amulet of Vitality (around neck) {Regen+ HP+15}
   (You took it off a deep elf demonologist on level 3 of the Elven Halls)

   [amulet of regeneration]

   It affects your health (+15).
   It increases your rate of regeneration.
 R - a +6 ring of protection (left hand)
 Z - the amulet of Fologotua {Acrobat Dex+4}
   (You took it off a deep elf annihilator on level 3 of the Elven Halls)

   [amulet of the acrobat]

   It helps you evade while moving and waiting.
   It affects your dexterity (+4).
Wands
 c - a wand of paralysis (34)
 n - a wand of iceblast (29)
 q - a wand of digging (3)
 s - a wand of acid (40)
 Y - a wand of disintegration (33)
Scrolls
 g - 4 scrolls of fear
 l - a scroll of holy word
 H - 18 scrolls of remove curse
 L - 4 scrolls of enchant armour
 S - 4 scrolls of magic mapping
 U - 20 scrolls of identify
 V - 6 scrolls of teleportation
 W - 12 scrolls of fog
Potions
 d - 3 potions of might
 e - 2 potions of berserk rage
 m - 11 potions of brilliance
 r - 5 potions of magic
 v - 12 potions of flight
 w - 4 potions of heal wounds
 x - 4 potions of ambrosia
 C - 2 potions of agility
 E - 3 potions of haste
 J - a potion of resistance
 K - 4 potions of invisibility
 Q - 10 potions of curing
Miscellaneous
 p - a lamp of fire
 A - a phantom mirror
Comestibles
 f - 26 rations


   Skills:
 * Level 19.6 Fighting
 * Level 18.3(21.3) Axes
 * Level 19.5(21.9) Maces & Flails
 + Level 12.4 Throwing
 * Level 19.4 Armour
 * Level 17.9 Dodging
 * Level 19.5 Shields
 + Level 11.0 Evocations


You had 22 spell levels left.
You didn't know any spells.
Your spell library was empty.

Dungeon Overview and Level Annotations

Branches:
Dungeon (15/15)            Temple (1/1) D:6            Lair (6/6) D:10
  Swamp (4/4) Lair:3        Snake (4/4) Lair:3        Slime (1/5) Lair:6
    Orc (2/2) D:10            Elf (3/3) Orc:2        Vaults (4/5) D:14
  Crypt (1/3) Vaults:3     Depths (5/5) D:15           Hell (1/1)
    Zot (0/5) Depths:5
    Dis: Hell:1         Geh: Hell:1         Coc: Hell:1         Tar: Hell:1

Altars:
Cheibriados
Elyvilon
Fedhas
Gozag
Hepliaklqana
Kikubaaqudgha
Nemelex Xobeh
Ru
Sif Muna
Trog
Uskayaw
Xom
Zin
The Shining One
Beogh

Shops:
D:8 !   D:10 (   Orc:2 }*[(   Vaults:1 (   Vaults:3 [   Vaults:4 [   Depths:5 *

Portals:
Hell: Depths:1 Depths:2 Depths:3 Depths:5
Abyss: Depths:1 Depths:4 Depths:5
Pandemonium: Depths:1 Depths:3
Ziggurat: Depths:2
Trove: D:15 (give 8 scrolls of blinking)

Annotations:
Lair:2 exclusion: 2 oklob plants
Vaults:1 Vatovie's ghost, veteran MiFi; Zonian's ghost, adept HOFi; Zotwa's ghost, adept GnSk
Hell Geryon


Innate Abilities, Weirdness & Mutations

You reflexively headbutt those who attack you in melee.
You have a pair of horns on your head.


Message History

There is a stone staircase leading up here.
You climb upwards.
There is a stone staircase leading down here.
There is a stone staircase leading up here.
You climb upwards.
There is a stone staircase leading down here.
There is a stone staircase leading up here.
You climb upwards.
There is a stone staircase leading down here.
There is a stone staircase leading up here.
You climb upwards.
There is a stone staircase leading down here.
There is a stone staircase leading up here.
You climb upwards.
There is a stone staircase leading down here.
You open the door.
There is an open door here.
There is a staircase leading out of the dungeon here.
Are you sure you want to leave the Dungeon?
This will make you lose the game!
You have escaped!

(#.###.## #.# #.## .##..#..#
############)#####..## ##.##...#
#............#)......#
...###..###............#.......##
.#.##................#.......)...
รท#.##.#####)...###...#.....##...#
.#.##.# #...##.##..#.....###..#
.#.##.# #...#...#..#.....# #..#
.#.##.### #...'.@.'..#.....# ##.#
........# #...#...#..#.....# #.#
.#.##.#.# #...##.##..#.....####..
.#.##.#.# #....###.(.#.....#.....
......#.# #..........#.....#.....
.#.####.# #..........#.....#.....
.#.# #.# #..........#.########.#
##.# #.# #.########...# #.# ...#
#.# #.# ###.# #.#


There were no monsters in sight!

Vanquished Creatures
  Mennas (Vaults:4)
  2 ancient liches
  Sojobo (Depths:5)
  Frederick (Vaults:2)
  Xtahua (Vaults:3)
  A caustic shrike (Depths:3)
  3 golden dragons
  Nikola (Vaults:2)
  A pearl dragon (Depths:5)
  Asterion (Snake:1)
  A quicksilver dragon (Depths:3)
  2 deep elf blademasters (Elf:3)
  A lich (Vaults:1)
  4 deep elf master archers (Elf:3)
  4 tentacled starspawn (Abyss:3)
  3 sphinxes
  3 tengu reavers
  Roxanne (Swamp:4)
  A thorn hunter (Swamp:4)
  Agnes (D:14)
  2 storm dragons
  4 azure jellies (Depths:5)
  7 nagarajas
  5 fire giants
  7 frost giants
  10 deep elf sorcerers
  An iron dragon (Vaults:4)
  The ghost of Mesuenwa the Eclecticist, an adept DEWz of Sif Muna (Snake:2)
  5 vault wardens
  3 orc warlords
  Louise (Swamp:4)
  7 deep elf elementalists
  A caustic shrike skeleton (Depths:1)
  A spriggan defender (Depths:3)
  A draconian stormcaller (Depths:5)
  An ophan (Depths:5)
  7 ironheart preservers
  25 very ugly things
  12 stone giants
  5 deep elf demonologists
  3 green draconians (Depths:5)
  A purple draconian (Depths:5)
  A minotaur (Gauntlet)
  A vampire knight (Depths:5)
  2 black draconians (Depths:5)
  A red draconian (Depths:5)
  11 deep elf annihilators
  5 spark wasps
  6 fire dragons
  5 death oozes (Depths:5)
  6 ettins
  2 blizzard demons (Abyss:3)
  A merfolk impaler (Abyss:3)
  7 deep elf death magi
  3 deep elf high priests (Elf:3)
  16 yaktaur captains
  5 rakshasas
  12 ice dragons
  3 vault guards
  7 great orbs of eyes
  6 naga warriors
  9 anacondas
  A ghost crab (Swamp:4)
  22 hydras
  5 shambling mangroves
  6 centaur warriors
  3 catoblepae (Lair:6)
  A spriggan air mage (Depths:3)
  43 two-headed ogres
  Erica (D:11)
  A death knight (Vaults:2)
  9 death yaks (Lair:6)
  5 deep troll shamans
  2 tengu warriors
  29 dancing weapons
  16 alligators
  A vampire mage (Vaults:3)
  17 ogre magi
  3 shock serpents
  A spriggan berserker (Depths:2)
  10 deep troll earth magi
  A thrashing horror (Abyss:3)
  7 orc high priests
  A wretched star (Abyss:3)
  7 hell knights
  A titan zombie (Vaults:4)
  6 naga sharpshooters
  39 deep elf knights
  3 shadow wraiths
  A salamander mystic (Snake:2)
  12 skeletal warriors
  4 unseen horrors
  A spatial maelstrom (Abyss:3)
  A death drake (shapeshifter) (Depths:5)
  20 deep trolls
  17 deep elf archers
  A shadow dragon zombie (Vaults:4)
  A flayed ghost (Vaults:2)
  A spriggan druid (Swamp:3)
  2 wizards
  3 naga ritualists (Snake:4)
  10 swamp dragons (Swamp:4)
  A glowing orange brain (Abyss:3)
  A wolf spider zombie (D:13)
  12 ironbrand convokers
  7 necromancers
  25 orc knights
  An oklob plant (Lair:3)
  64 deep elf magi
  A stone giant zombie (Depths:1)
  4 mana vipers
  2 worldbinders (Abyss:3)
  7 salamanders
  3 cyclopes
  2 orc sorcerers
  4 manticores
  38 ugly things
  20 black mambas
  9 elephants
  4 smoke demons
  9 vault sentinels
  2 apocalypse crabs
  3 guardian serpents
  19 naga magi
  4 spectral swamp worms (Depths:1)
  A titan simulacrum (Vaults:4)
  3 gargoyles
  An orange demon (Abyss:3)
  A yaktaur zombie (Vaults:1)
  A torpor snail (Gauntlet)
  3 rime drakes
  13 spiny frogs
  A komodo dragon (shapeshifter) (D:13)
  A centaur skeleton (D:13)
  7 komodo dragons
  A rime drake (shapeshifter) (D:13)
  8 freezing wraiths
  51 yaktaurs
  3 ancient zymes (Abyss:3)
  An efreet (D:10)
  2 jumping spiders (shapeshifter)
  A tengu conjurer (Depths:2)
  A hellwing (Abyss:3)
  A meliai (shapeshifter) (D:9)
  2 polar bears
  2 red devils
  4 trolls
  2 trolls (shapeshifter)
  3 meliai (D:15)
  12 hornets
  9 raiju (Abyss:3)
  4 tyrant leeches
  43 slime creatures
  6 hippogriffs
  12 blink frogs (Lair:6)
  A blink frog (shapeshifter) (Vaults:2)
  A hippogriff (shapeshifter) (Vaults:4)
  6 bog bodies
  12 dream sheep
  5 air elementals
  10 starcursed masses (Abyss:3)
  A shadow (Swamp:1)
  44 yaks
  12 water elementals
  A spriggan (shapeshifter) (D:14)
  2 ynoxinuls (Abyss:3)
  5 spriggans
  A wyvern (shapeshifter) (Vaults:1)
  A vampire (Abyss:3)
  2 wyverns
  A golden eye (shapeshifter) (Elf:1)
  A basilisk (D:15)
  A yak (shapeshifter) (Depths:1)
  A wraith (D:15)
  7 large abominations
  Grum (D:11)
  4 fire elementals
  4 hungry ghosts
  A steam dragon (D:12)
  20 vampire mosquitoes
  16 swamp worms
  An ogre zombie (Vaults:1)
  12 insubstantial wisps
  4 wargs
  10 water moccasins
  3 acid dragons
  51 nagas
  Duvessa (D:6)
  An ogre skeleton (Vaults:1)
  9 porcupines
  A soldier ant (D:15)
  3 black bears
  2 sky beasts
  15 swamp drakes
  80 orc warriors
  An ice dragon simulacrum (Vaults:1)
  3 eyes of draining
  A phantom (D:5)
  4 ice beasts
  34 ogres
  An ettin simulacrum (Depths:1)
  A tengu (shapeshifter) (Vaults:3)
  22 wolves
  19 boggarts
  19 centaurs
  12 big kobolds
  11 crocodiles
  A human zombie (Vaults:4)
  7 earth elementals
  4 small abominations (Abyss:3)
  14 bullfrogs
  Dowan (D:6)
  A human skeleton (Vaults:1)
  A glowing shapeshifter simulacrum (Vaults:4)
  2 wyvern skeletons
  3 scorpions
  A water moccasin skeleton (D:8)
  A tengu zombie (Depths:1)
  8 killer bees
  A manticore simulacrum (Abyss:3)
  5 howler monkeys
  2 electric eels (Lair:5)
  20 wights
  5 crimson imps
  A human simulacrum (Vaults:4)
  43 orc priests
  7 hounds
  6 jellies
  27 orc wizards
  A bullfrog skeleton (D:5)
  3 iguanas
  14 worker ants
  A hound skeleton (D:11)
  A mummy (D:7)
  2 worker ant zombies
  11 gnolls
  6 adders
  2 shadow imps
  An ufetubus (Abyss:3)
  3 oozes
  4 worms
  3 adder skeletons
  An adder zombie (D:6)
  4 dart slugs
  7 leopard geckos
  137 orcs
  5 ball pythons (D:2)
  6 giant cockroaches
  6 goblins
  5 hobgoblins
  A jackal (shapeshifter) (Vaults:4)
  9 jackals
  29 kobolds
  4 quokkas
  A ball python skeleton (D:3)
  16 bats
  9 frilled lizards
  A jackal zombie (D:6)
  6 rats
  3 fungi
  5 plants
  3 starspawn tentacles (Abyss:3)
1963 creatures vanquished.

Vanquished Creatures (collateral kills)
  2 fire giants
  A stone giant (Depths:1)
  An ettin (Vaults:4)
  5 naga warriors (Snake:4)
  A deep troll earth mage (Depths:1)
  A deep troll shaman (Depths:1)
  A dancing weapon (Elf:2)
  A shock serpent (Snake:4)
  2 naga sharpshooters (Snake:4)
  A salamander mystic (Snake:4)
  4 hell knights (Depths:1)
  A sixfirhy (Abyss:3)
  A naga ritualist (Snake:4)
  2 deep elf archers (Elf:2)
  3 deep elf magi
  A large abomination (Abyss:3)
  A salamander (Snake:4)
  A spectral swamp worm (Depths:1)
  2 yaktaurs (Depths:1)
  A small abomination (Abyss:3)
  12 nagas (Snake:4)
  2 starcursed masses (Abyss:3)
  6 lightning spires (Abyss:3)
  A white imp (Abyss:3)
54 creatures vanquished.

Vanquished Creatures (others)
  A tengu reaver (Depths:5)
  A draconian stormcaller (Depths:5)
  A shambling mangrove (Swamp:2)
  4 deep elf knights
  A deep elf mage (Elf:1)
  2 hornets (Swamp:2)
  A water elemental (Elf:1)
  2 nagas
  An orc (D:12)
  9 bushes (Depths:1)
  7 fungi
  A lurking horror (Abyss:3)
  68 plants
  15 starspawn tentacles (Abyss:3)
114 creatures vanquished.

Grand Total: 2131 creatures vanquished

Notes
Turn   | Place    | Note
-------+----------+-------------------------------------------
     0 | D:1      | Plasmo the Minotaur Fighter began the quest for the Orb.
     0 | D:1      | Reached XP level 1. HP: 19/19 MP: 0/0
   222 | D:1      | Reached XP level 2. HP: 27/27 MP: 1/1
   606 | D:1      | Reached skill level 1 in Dodging
   690 | D:1      | Reached XP level 3. HP: 19/33 MP: 2/2
  1081 | D:2      | Reached XP level 4. HP: 34/40 MP: 3/3
  1623 | D:2      | Found a deep blue altar of Sif Muna.
  1770 | D:3      | Reached XP level 5. HP: 25/47 MP: 4/4
  2285 | D:3      | Reached skill level 5 in Shields
  2285 | D:3      | Reached XP level 6. HP: 53/55 MP: 5/5
  2427 | D:3      | Reached skill level 5 in Fighting
  2427 | D:3      | Reached skill level 5 in Armour
  2641 | D:4      | Got a bloodstained buckler
  2643 | D:4      | Found a shimmering altar of Xom.
  2643 | D:4      | Found a shimmering altar of Xom.
  2643 | D:4      | Found a shimmering altar of Xom.
  2682 | D:4      | Found a shimmering altar of Xom.
  3061 | D:4      | Reached XP level 7. HP: 61/61 MP: 6/6
  3580 | D:5      | Entered Level 5 of the Dungeon
  3717 | D:5      | Reached skill level 1 in Throwing
  3815 | D:5      | Reached skill level 5 in Maces & Flails
  4467 | D:5      | Found a glowing golden altar of the Shining One.
  4486 | D:5      | Found a sacrificial altar of Ru.
  4522 | D:6      | Found a bloodstained altar of Trog.
  4529 | D:6      | Reached XP level 8. HP: 60/70 MP: 7/7
  4534 | D:6      | Found an opulent altar of Gozag.
  4535 | D:6      | Found a hide-covered altar of Uskayaw.
  4557 | D:6      | Became a worshipper of Trog the Wrathful
  5011 | D:6      | Noticed Duvessa
  5011 | D:6      | Noticed Dowan
  5022 | D:6      | Killed Duvessa
  5022 | D:6      | Reached skill level 1 in Evocations
  5028 | D:6      | Killed Dowan
  5192 | D:6      | Found a staircase to the Ecumenical Temple.
  5201 | Temple   | Entered the Ecumenical Temple
  5427 | D:6      | Identified the cursed +0 buckler of Ekkairaumm {Str+4} (You
                  | found it on level 4 of the Dungeon)
  5504 | D:7      | Reached skill level 5 in Dodging
  5539 | D:7      | Noticed a hippogriff
  5554 | D:7      | Killed a hippogriff
  5554 | D:7      | Reached XP level 9. HP: 35/79 MP: 9/9
  5912 | D:7      | Reached * piety under Trog
  6112 | D:7      | Found a snail-covered altar of Cheibriados.
  6462 | D:8      | Found Awiosevo's Distillery.
  6479 | D:8      | Bought a potion of invisibility for 80 gold pieces
  6479 | D:8      | Bought a potion of cancellation for 80 gold pieces
  6479 | D:8      | Bought a potion of brilliance for 40 gold pieces
  6479 | D:8      | Bought a potion of agility for 40 gold pieces
  6479 | D:8      | Bought a potion of degeneration for 10 gold pieces
  7066 | D:9      | Got a crystal broad axe
  7124 | D:9      | Reached XP level 10. HP: 68/88 MP: 10/10
  7368 | D:9      | Noticed a two-headed ogre
  7387 | D:9      | Killed a two-headed ogre
  7605 | D:9      | Identified the +1 broad axe "Atruzade" {freeze, +Blink
                  | Dex+4} (You found it on level 9 of the Dungeon)
  7630 | D:9      | Reached ** piety under Trog
  7927 | D:9      | Reached skill level 1 in Axes
  8337 | D:9      | Found a sparkling altar of Nemelex Xobeh.
  8450 | D:10     | Entered Level 10 of the Dungeon
  8477 | D:10     | Noticed an unseen horror
  8487 | D:10     | Killed an unseen horror
  8659 | D:10     | Found a staircase to the Orcish Mines.
  8715 | D:10     | Reached *** piety under Trog
  8715 | D:10     | Reached XP level 11. HP: 97/97 MP: 12/12
  8939 | D:10     | Found Otarilal's Antique Weapon Shop.
  9011 | D:10     | Reached **** piety under Trog
  9149 | D:10     | Found a staircase to the Lair.
  9183 | D:10     | You fall through a shaft for 2 floors!
  9466 | D:12     | Noticed a green ugly thing
  9470 | D:12     | Killed a green ugly thing
  9518 | D:12     | Paralysed by a hornet for 1 turns
 10014 | Lair:1   | Entered Level 1 of the Lair of Beasts
 10413 | Lair:1   | Reached skill level 10 in Armour
 11062 | Lair:2   | Noticed an eight-headed hydra
 11077 | Lair:2   | Killed an eight-headed hydra
 11077 | Lair:2   | Reached skill level 10 in Fighting
 11077 | Lair:2   | Reached skill level 5 in Axes
 11077 | Lair:2   | Reached skill level 10 in Shields
 11452 | Lair:2   | Reached skill level 5 in Throwing
 11610 | Lair:2   | Noticed an oklob plant
 11613 | Lair:2   | Noticed an oklob plant
 11801 | Lair:3   | Noticed a seven-headed hydra
 11815 | Lair:3   | Killed a seven-headed hydra
 11815 | Lair:3   | Reached XP level 12. HP: 106/106 MP: 14/14
 12045 | Lair:3   | You fall through a shaft for 3 floors!
 12045 | Lair:6   | Entered Level 6 of the Lair of Beasts
 12063 | Lair:6   | Noticed a five-headed hydra
 12071 | Lair:6   | Killed an eight-headed hydra
 12071 | Lair:6   | Reached skill level 10 in Maces & Flails
 12073 | Lair:6   | Received a gift from Trog
 12117 | Lair:6   | Found a staircase to the Slime Pits.
 12181 | Lair:6   | Noticed a death yak
 12193 | Lair:6   | Killed a death yak
 12198 | Lair:6   | Noticed a death yak
 12200 | Lair:6   | Killed a death yak
 12204 | Lair:6   | Noticed a death yak
 12312 | Lair:6   | Reached ***** piety under Trog
 12576 | Lair:4   | Received a gift from Trog
 12894 | Lair:3   | Found a staircase to the Snake Pit.
 12941 | Lair:3   | Found a blossoming altar of Fedhas.
 12971 | Lair:3   | Reached XP level 13. HP: 116/116 MP: 15/15
 13045 | Lair:3   | Reached skill level 5 in Evocations
 13102 | Lair:3   | Found a staircase to the Swamp.
 14274 | Lair:5   | Reached skill level 10 in Dodging
 15637 | Lair:6   | Received a gift from Trog
 15919 | Lair:6   | Identified the Reference Book on Weightlessness and the
                  | Entourage
 16191 | Orc:1    | Entered Level 1 of the Orcish Mines
 16337 | Orc:1    | Received a gift from Trog
 16558 | Orc:1    | Noticed an orc warlord
 16583 | Orc:1    | Killed an orc warlord
 16633 | Orc:1    | Noticed an orc warlord
 16674 | Orc:1    | Killed an orc warlord
 16674 | Orc:1    | Reached XP level 14. HP: 126/126 MP: 17/17
 16830 | Orc:1    | Found a roughly hewn altar of Beogh.
 17202 | Orc:2    | Entered Level 2 of the Orcish Mines
 17365 | Orc:2    | Found a bloodstained altar of Trog.
 17705 | Orc:2    | Found a staircase to the Elven Halls.
 17812 | Orc:2    | Received a gift from Trog
 17898 | Orc:2    | Reached ****** piety under Trog
 18737 | Orc:2    | Found Wacesein's Gadget Emporium.
 18737 | Orc:2    | Found Bech's Assorted Antiques.
 18738 | Orc:2    | Found Qoytucali's Weapon Emporium.
 18738 | Orc:2    | Found Fiduf's Armour Shoppe.
 18895 | Elf:1    | Entered Level 1 of the Elven Halls
 18939 | D:10     | Upgraded the game from 0.23.0 to 0.23.0-3-gf3c87f2df8
 19125 | D:11     | Noticed Erica
 19131 | D:11     | Killed Erica
 19193 | D:11     | Received a gift from Trog
 19337 | D:11     | Noticed Grum
 19351 | D:11     | Killed Grum
 19531 | D:12     | Received a gift from Trog
 19958 | D:12     | Reached skill level 10 in Axes
 20223 | D:13     | Found a gate leading to a gauntlet.
 20232 | Gauntlet | Entered a Gauntlet
 20232 | Gauntlet | Found a transporter.
 20232 | Gauntlet | Found a transporter.
 20240 | Gauntlet | Found a transporter.
 20245 | Gauntlet | Found a transporter.
 20253 | Gauntlet | Found a transporter.
 20256 | Gauntlet | Found a transporter.
 20326 | Gauntlet | Got a translucent iron ring
 20328 | Gauntlet | Identified the ring of Jyikag {rN+ Str+5 Int-4 Dex+3} (You
                  | found it in a Gauntlet)
 20332 | Gauntlet | Found a transporter.
 20332 | Gauntlet | Found a transporter.
 20403 | Gauntlet | Found a transporter.
 20403 | Gauntlet | Found a transporter.
 20427 | Gauntlet | Found a transporter.
 20447 | Gauntlet | Found a transporter.
 20626 | D:13     | Reached XP level 15. HP: 80/134 MP: 18/18
 20998 | D:13     | Received a gift from Trog
 21408 | D:14     | Noticed Agnes
 21413 | D:14     | Killed Agnes
 21769 | D:14     | Received a gift from Trog
 21793 | D:14     | Found a gate to the Vaults.
 22027 | D:15     | Entered Level 15 of the Dungeon
 22027 | D:15     | Found a portal to a secret trove of treasure.
 22476 | D:15     | Found a staircase to the Depths.
 22881 | Depths:1 | Entered Level 1 of the Depths
 23205 | Snake:1  | Entered Level 1 of the Snake Pit
 23259 | Snake:1  | Noticed Asterion
 23265 | Snake:1  | Noticed an Executioner
 23278 | Snake:1  | Killed Asterion
 23299 | Snake:1  | Received a gift from Trog
 23873 | Snake:1  | Reached XP level 16. HP: 125/145 MP: 20/20
 24159 | Snake:2  | Found a shimmering altar of Xom.
 24425 | Snake:2  | Received a gift from Trog
 24877 | Snake:2  | Found a runed translucent door.
 24877 | Snake:2  | Noticed Mesuenwa's ghost (adept DEWz)
 24906 | Snake:2  | Killed Mesuenwa's ghost
 25845 | Snake:4  | Entered Level 4 of the Snake Pit
 26289 | Snake:4  | Received a gift from Trog
 27698 | Snake:4  | Received a gift from Trog
 27698 | Snake:4  | Reached XP level 17. HP: 112/154 MP: 21/21
 27973 | Snake:4  | Got a serpentine rune of Zot
 28242 | Swamp:1  | Entered Level 1 of the Swamp
 28506 | Swamp:1  | Received a gift from Trog
 29387 | Swamp:2  | Reached skill level 15 in Shields
 30205 | Swamp:3  | Reached skill level 15 in Fighting
 30206 | Swamp:3  | Reached skill level 15 in Armour
 30885 | Swamp:4  | Entered Level 4 of the Swamp
 30912 | Swamp:4  | Received a gift from Trog
 30936 | Swamp:4  | Reached skill level 15 in Maces & Flails
 31305 | Swamp:4  | Identified Roxanne's Incunabulum of Transformation
 31305 | Swamp:4  | Noticed Roxanne
 31477 | Swamp:4  | Noticed Louise
 31508 | Swamp:4  | Killed Louise
 31661 | Swamp:4  | Received a gift from Trog
 31978 | Swamp:4  | Reached XP level 18. HP: 163/163 MP: 23/23
 32005 | Swamp:4  | Killed Roxanne
 32057 | Swamp:4  | Got a decaying rune of Zot
 32324 | Slime:1  | Entered Level 1 of the Pits of Slime
 32843 | Elf:1    | Received a gift from Trog
 33136 | Elf:1    | Received a gift from Trog
 33845 | Elf:1    | Received a gift from Trog
 34040 | Elf:1    | Received a gift from Trog
 34453 | Elf:2    | Received a gift from Trog
 34555 | Elf:2    | Cast into level 3 of the Abyss (a deep elf sorcerer)
 34561 | Abyss:3  | Found a corrupted altar of Lugonu.
 34811 | Abyss:3  | Received a gift from Trog
 34879 | Abyss:3  | Found a corrupted altar of Lugonu.
 34906 | Abyss:3  | Got an abyssal rune of Zot
 34914 | Elf:2    | Escaped the Abyss
 35273 | Elf:2    | Reached XP level 19. HP: 134/172 MP: 24/24
 35311 | Elf:2    | Reached skill level 10 in Throwing
 35355 | Elf:2    | Found a runed translucent gate.
 35355 | Elf:2    | Found a runed translucent gate.
 35357 | Elf:2    | Found a runed translucent gate.
 35832 | Elf:2    | Received a gift from Trog
 36242 | Elf:2    | Received a gift from Trog
 36473 | Elf:3    | Entered Level 3 of the Elven Halls
 36550 | Elf:3    | Cast into level 3 of the Abyss (a deep elf sorcerer)
 36550 | Abyss:3  | Found a corrupted altar of Lugonu.
 36881 | Abyss:3  | Received a gift from Trog
 37034 | Elf:3    | Escaped the Abyss
 37340 | Depths:1 | Found a one-way gate to the infinite horrors of the Abyss.
 37465 | Depths:1 | Reached skill level 15 in Dodging
 37479 | Depths:1 | Received a gift from Trog
 37781 | Depths:1 | Reached skill level 15 in Axes
 38172 | Vaults:1 | Entered Level 1 of the Vaults
 38393 | Vaults:1 | Found Saush's Antique Weapon Boutique.
 38495 | Vaults:1 | Received a gift from Trog
 39047 | Vaults:1 | Reached XP level 20. HP: 183/183 MP: 8/25
 39230 | Vaults:1 | Found a runed translucent gate.
 39230 | Vaults:1 | Found a runed translucent gate.
 39230 | Vaults:1 | Found a runed translucent gate.
 39230 | Vaults:1 | Found an ancient bone altar of Kikubaaqudgha.
 39230 | Vaults:1 | Noticed Zonian's ghost (adept HOFi)
 39230 | Vaults:1 | Noticed Vatovie's ghost (veteran MiFi)
 39230 | Vaults:1 | Noticed Zotwa's ghost (adept GnSk)
 39230 | Vaults:1 | Noticed an ancient lich
 39709 | Vaults:2 | Received a gift from Trog
 39899 | Vaults:2 | Noticed Frederick
 39905 | Vaults:2 | Killed Frederick
 40005 | Vaults:2 | Received a gift from Trog
 41212 | Vaults:3 | Noticed Xtahua
 41226 | Vaults:3 | Killed Xtahua
 41847 | Vaults:3 | Noticed Nikola
 41872 | Vaults:2 | Killed Nikola
 41872 | Vaults:2 | Received a gift from Trog
 42549 | Vaults:3 | Found Verealac's Antique Armour Emporium.
 42681 | Vaults:3 | Found a staircase to the Crypt.
 42757 | Crypt:1  | Entered Level 1 of the Crypt
 43076 | Vaults:3 | Reached XP level 21. HP: 192/192 MP: 9/27
 43302 | Vaults:4 | Received a gift from Trog
 43489 | Vaults:4 | Received a gift from Trog
 43511 | Vaults:4 | Found Xieli's Armour Emporium.
 43641 | Vaults:4 | Received a gift from Trog
 44001 | Vaults:4 | Noticed Mennas
 44099 | Vaults:4 | Killed Mennas
 44270 | Vaults:4 | Received a gift from Trog
 45112 | Vaults:4 | Got a wavering brass ring
 45113 | Vaults:4 | Identified a scroll of acquirement
 45114 | Vaults:4 | Identified the ring "Luutaut" {+Blink rF+ Stlth-} (You
                  | found it on level 4 of the Vaults)
 45115 | Vaults:4 | Identified the Incunabulum of Poison and Moulding
 45121 | Vaults:4 | Found the +7 Kryia's mail coat {PotionHeal*2 rC+}
 45228 | Vaults:3 | Bought the +2 shield of Resistance {rF+ rC+ MR+} for 1438
                  | gold pieces
 45228 | Vaults:3 | Found the +2 shield of Resistance {rF+ rC+ MR+}
 45416 | Vaults:1 | Killed an ancient lich
 45416 | Vaults:1 | Reached skill level 10 in Evocations
 45626 | Vaults:1 | Got a sparkling steel ring
 45627 | Vaults:1 | Identified the ring "Qyazoz" {rN+ Dex+2} (You found it on
                  | level 1 of the Vaults)
 45634 | Vaults:1 | Got a pair of translucent gloves
 45635 | Vaults:1 | Identified the +4 pair of gloves of the Fisher {Int+7
                  | Slay-3} (You found it on level 1 of the Vaults)
 45642 | Vaults:1 | Got a pair of twisted boots
 45643 | Vaults:1 | Identified the +0 pair of boots of Imperfection {rPois
                  | Regen+ Slay+5} (You found it on level 1 of the Vaults)
 45788 | Vaults:3 | Bought a smoking plate armour for 980 gold pieces
 45789 | Vaults:3 | Identified the cursed +1 plate armour "Juafar" {rF+ Int-3
                  | Dex+7} (You bought it in a shop on level 3 of the Vaults)
 46429 | Elf:3    | Found a roughly hewn altar of Beogh.
 47002 | Elf:3    | Identified the cursed +3 halberd "String" {flame, rF+ rC+}
 47002 | Elf:3    | Identified the +0 robe of Beyond {rN+}
 47050 | Elf:3    | Received a gift from Trog
 47103 | Elf:3    | Identified the amulet of Fologotua {Acrobat Dex+4}
 47176 | Elf:3    | Reached XP level 22. HP: 136/203 MP: 9/28
 47406 | Elf:3    | Identified the +6 mace of Ambiguity {venom, rElec rN+ Str+4
                  | Int-4}
 47439 | Elf:3    | Identified the +1 great sword "Useam" {slice, -Tele rElec
                  | Str+2 Dex+2}
 47439 | Elf:3    | Identified the +2 robe of Joteiha {*Slow +Fly rF++ rN+}
 47451 | Elf:3    | Received a gift from Trog
 47452 | Elf:3    | Identified the +4 rapier of Maeq {venom, rElec MR++ Str+2
                  | Int+3}
 47526 | Elf:3    | Identified the Tome of Shifting Augmentations
 47531 | Elf:3    | Got a bloodstained cloak
 47532 | Elf:3    | Identified the +1 cloak "Fenuluh" {Regen+ rCorr} (You found
                  | it on level 3 of the Elven Halls)
 48003 | Depths:1 | Received a gift from Trog
 48312 | Depths:1 | Found a one-way gate leading to the halls of Pandemonium.
 48333 | Depths:1 | Found a gateway to Hell.
 48414 | Depths:1 | You fall through a shaft!
 48559 | Depths:2 | Received a gift from Trog
 48619 | Hell     | Entered the Vestibule of Hell
 48619 | Hell     | Noticed Geryon
 48782 | Depths:2 | Received a gift from Trog
 49250 | Depths:2 | Found a gateway to a ziggurat.
 49512 | Depths:3 | Received a gift from Trog
 49696 | Depths:3 | Received a gift from Trog
 49929 | Depths:3 | Noticed a golden dragon
 49951 | Depths:3 | Killed a golden dragon
 49955 | Depths:3 | Noticed a caustic shrike
 49956 | Depths:3 | Reached XP level 23. HP: 150/213 MP: 9/29
 49971 | Depths:3 | Killed a caustic shrike
 50040 | Depths:3 | Noticed an ancient lich
 50055 | Depths:3 | Killed an ancient lich
 50059 | Depths:3 | Received a gift from Trog
 50367 | Depths:4 | Received a gift from Trog
 50375 | Depths:5 | Entered Level 5 of the Depths
 50496 | Depths:5 | Found Goyvawk's Assorted Antiques.
 50652 | Depths:5 | Noticed Sojobo
 50728 | Depths:5 | Killed Sojobo
 50774 | Depths:5 | Upgraded the game from 0.23.0-3-gf3c87f2df8 to 0.23.1
 51319 | Depths:5 | Found a gate to the Realm of Zot.
 51606 | Depths:5 | Received a gift from Trog
 51896 | Depths:5 | Found a white marble altar of Elyvilon.
 51902 | Depths:5 | Found a glowing golden altar of the Shining One.
 51905 | Depths:5 | Found a glowing silver altar of Zin.
 52079 | Depths:5 | Upgraded the game from 0.23.1 to 0.23.2-30-g0e89c35649
 52531 | D:$      | Got out of the dungeon!

Skill      XL: |  1  2  3  4  5  6  7  8  9 10 11 12 13 14 15 16 17 18 19 20 21 22 23 |
---------------+----------------------------------------------------------------------+-----
Dodging        | 1 2 3 4 5 6 7 8 9 10 11 12 13 14 15 16 17 | 17.9
Shields        | 4 5 6 7 8 9 10 11 12 13 14 15 16 17 18 19 | 19.5
Armour         | 4 5 6 8 9 10 11 12 13 14 15 16 17 18 19 | 19.4
Fighting       | 4 5 6 7 8 9 10 11 12 13 14 15 16 17 18 19 | 19.6
Maces & Flails | 3 4 5 6 7 8 9 10 11 12 13 14 15 16 17 18 19 | 19.5
Throwing       | 1 2 3 4 5 6 7 8 9 10 11 12 | 12.4
Evocations     | 1 2 3 4 5 6 7 8 9 10 11 | 11.0
Axes           | 3 5 7 8 10 11 12 13 14 15 16 17 18 | 18.3

Action                   |  1- 3 |  4- 6 |  7- 9 | 10-12 | 13-15 | 16-18 | 19-21 | 22-24 || total
-------------------------+-------+-------+-------+-------+-------+-------+-------+-------++-------
Melee: Flail             |    93 |   229 |   339 |    36 |    12 |       |       |       ||   709
       Headbutt          |    17 |    30 |    63 |   155 |   403 |   438 |   648 |   376 ||  2130
       Broad axe         |       |       |       |   591 |  1426 |  1514 |   630 |       ||  4161
       Morningstar       |       |       |       |       |    15 |   128 |       |       ||   143
       Eveningstar       |       |       |       |       |       |       |  1591 |  1113 ||  2704
 Fire: Blowgun           |       |     6 |       |       |       |       |       |       ||     6
Throw: Javelin           |       |       |       |     4 |     3 |     7 |       |     1 ||    15
       Tomahawk          |       |       |       |     2 |       |       |       |       ||     2
Invok: Berserk           |       |       |     1 |    13 |    12 |    14 |     6 |     4 ||    50
       Brothers in Arms  |       |       |       |       |       |     7 |     9 |     2 ||    18
       Trog's Hand       |       |       |       |       |       |     4 |     4 |       ||     8
Evoke: Wand              |       |       |       |     3 |     1 |    12 |     6 |       ||    22
       Box of beasts     |       |       |       |       |       |     3 |       |       ||     3
       Phantom mirror    |       |       |       |       |       |       |     1 |       ||     1
  Use: Scroll            |     7 |     8 |     6 |     9 |    14 |     6 |    13 |     2 ||    65
       Potion            |       |     3 |     1 |     6 |       |    12 |     9 |       ||    31
 Stab: Distracted        |       |       |       |       |       |       |     1 |       ||     1
       Invisible         |       |       |       |       |       |       |     1 |       ||     1
  Eat: Chunk             |     1 |     6 |     7 |    12 |    31 |     8 |    17 |    11 ||    93
       Ration            |       |       |     3 |     6 |     6 |    14 |    10 |     4 ||    43
Armor: Scale mail        |    32 |    87 |    86 |   182 |   179 |       |       |       ||   566
       Quicksilver drago |       |       |       |       |   116 |       |   316 |   171 ||   603
       Chain mail        |       |       |       |       |    35 |   549 |   170 |       ||   754
       Gold dragon scale |       |       |       |       |       |       |       |   179 ||   179
Dodge: Dodged            |    21 |    52 |    97 |   320 |   594 |   713 |   824 |   561 ||  3182
Block: Shield            |    41 |   120 |   163 |   402 |   904 |  1309 |  1536 |   845 ||  5320
